[Event "Titled Tuesday Blitz March 14 Early 2023"]
[White "Shimanov, Aleksandr"]
[Black "Hambleton, Aman"]
[WhiteFideId "4198603"]
[BlackFideId "2606577"]
[WhiteElo "2631"]
[BlackElo "2511"]
[Result "1-0"]
[Round "11"]
[TimeControl "180+2"]
[Date "2023.03.14"]
[WhiteClock "0:00:37"]
[BlackClock "0:00:01"]

1. d4 Nf6 2. Bg5 e6 3. Nd2 h6 4. Bh4 d5 5. e3 c5 6. c3 Bd6 7. Bd3 Nc6 8. f4 Qb6 9. Rb1 cxd4 10. cxd4 Nb4 11. Be2 g5 12. fxg5 hxg5 13. Bxg5 Rxh2 14. Rxh2 Bxh2 15. Bxf6 Bxg1 16. a3 Nc6 17. Nf1 Qc7 18. Bd3 Ne7 19. Rc1 Qa5+ 20. Rc3 Bd7 21. Qh5 Ng6 22. Bxg6 1-0


[Site "https://www.chess.com"]

[Event "Titled Tuesday Blitz March 14 Early 2023"]
[White "Sarana, Alexey"]
[Black "Galchenko, Matvey"]
[WhiteFideId "24133795"]
[BlackFideId "24175480"]
[WhiteElo "2714"]
[BlackElo "2404"]
[Result "1-0"]
[Round "11"]
[TimeControl "180+2"]
[Date "2023.03.14"]
[WhiteClock "0:01:16"]
[BlackClock "0:00:06"]

1. d4 d5 2. c4 e6 3. Nc3 c6 4. cxd5 exd5 5. Bf4 Bf5 6. Nf3 Nd7 7. e3 Ngf6 8. Nh4 Be6 9. Bd3 Ne4 10. Nf3 f5 11. Ne5 Ndf6 12. h3 Bd6 13. O-O O-O 14. f3 Nxc3 15. bxc3 Qe7 16. Qc2 g6 17. Bg5 Qg7 18. c4 Nd7 19. f4 h6 20. Bh4 Rae8 21. c5 Be7 22. Bg3 Nxe5 23. fxe5 Bd8 24. Rab1 Rf7 25. Kh2 Ref8 26. Rf3 Kh8 27. Rbf1 Kg8 28. Be1 Bg5 29. a4 Rc7 30. a5 Rcf7 31. Bd2 Bd8 32. a6 bxa6 33. Bxa6 g5 34. Bd3 g4 35. hxg4 fxg4 36. Rxf7 Rxf7 37. Rxf7 Qxf7 38. Be1 Qh5+ 39. Kg1 Qg5 40. Qe2 h5 41. Bg3 h4 42. Bf4 Qh5 43. Qd1 h3 44. g3 h2+ 45. Kh1 a5 46. Qc2 Qh3 47. Ba6 Kg7 48. Bd3 Be7 49. Qd1 Qh5 50. Qb1 Kf7 51. Bc2 Kg7 52. Qb7 Kf8 53. Qa8+ Qe8 54. Qxa5 Qb8 55. Qc3 Qa8 56. Kxh2 Qa2 57. Kg1 Bd8 58. Kf1 Ba5 59. Qb3 Qa1+ 60. Qb1 Qc3 61. Qd1 Qc4+ 62. Qd3 Qb4 63. Kg2 Qe1 64. Bd1 Ke7 65. Qe2 Qc3 66. Bg5+ Kd7 67. Qf2 Qd3 68. Bc2 Qc3 69. Bf5 Bxf5 70. Qxf5+ Kc7 71. Qxg4 Qc2+ 72. Kh3 Qh7+ 73. Bh4 Qd3 74. Qf4 Bd2 75. e6+ Kb7 76. e7 Bxe3 77. Qf3 1-0


[Site "https://www.chess.com"]

[Event "Titled Tuesday Blitz March 14 Early 2023"]
[White "Pranav, V"]
[Black "Santos Ruiz, Miguel"]
[WhiteFideId "25060783"]
[BlackFideId "22291482"]
[WhiteElo "2500"]
[BlackElo "2504"]
[Result "1-0"]
[Round "11"]
[TimeControl "180+2"]
[Date "2023.03.14"]
[WhiteClock "0:00:35"]
[BlackClock "0:00:02"]

1. e4 e5 2. Nf3 Nf6 3. d4 Nxe4 4. Bd3 d5 5. Nxe5 Nd7 6. O-O Nxe5 7. dxe5 Nc5 8. Nc3 Nxd3 9. Qxd3 c6 10. Qg3 Bf5 11. Ne2 Qd7 12. Nd4 Bc5 13. c3 O-O 14. Be3 Bxd4 15. Bxd4 Qe6 16. h3 b6 17. b4 Rac8 18. Qe3 Qe7 19. Qf4 Bg6 20. Rfd1 c5 21. bxc5 bxc5 22. Be3 Rfd8 23. a4 h6 24. a5 a6 25. Rd2 Rd7 26. Rad1 Rcd8 27. Qg3 Qe6 28. Bxc5 Rc8 29. Bd6 Rb7 30. Bb4 Rb5 31. f4 Be4 32. Rd4 Qf5 33. Qg4 Qxg4 34. hxg4 Rc6 35. f5 Rb8 36. Kh2 Re8 37. c4 Rxc4 38. Rxc4 dxc4 39. Bc3 Bd3 40. Re1 Rb8 41. e6 fxe6 42. Rxe6 Rb3 43. Bd4 c3 44. Re7 c2 45. Rxg7+ Kf8 46. Rc7 Rb4 47. Bc5+ Ke8 48. Bxb4 1-0


[Site "https://www.chess.com"]

[Event "Titled Tuesday Blitz March 14 Early 2023"]
[White "Vallejo Pons, Francisco"]
[Black "Liyanage, Ranindu Dilshan"]
[WhiteFideId "2205530"]
[BlackFideId "9915834"]
[WhiteElo "2589"]
[BlackElo "2199"]
[Result "1-0"]
[Round "11"]
[TimeControl "180+2"]
[Date "2023.03.14"]
[WhiteClock "0:00:16"]
[BlackClock "0:00:18"]

1. e4 e5 2. Nf3 Nc6 3. Nc3 Nf6 4. h3 Bb4 5. a3 Bxc3 6. dxc3 h6 7. Be3 d6 8. Nd2 d5 9. Bd3 g5 10. f3 Be6 11. Qe2 Qe7 12. O-O-O O-O-O 13. h4 g4 14. h5 d4 15. cxd4 Nxd4 16. Qf2 a6 17. f4 g3 18. Qxg3 Rhg8 19. Qh4 Rg4 20. Qf2 Nc6 21. f5 Ba2 22. Bc5 Qe8 23. b3 Rf4 24. Qe2 Nd4 25. Bxd4 exd4 26. g3 Rg4 27. Kb2 Rxg3 28. Kxa2 Re3 29. Qf2 Qc6 30. Nc4 Rxe4 31. Bxe4 Nxe4 32. Qf4 Nc3+ 33. Kb2 b5 34. Ne5 Nxd1+ 35. Rxd1 Qc3+ 36. Kb1 c5 37. Qe4 c4 38. Qc6+ Kb8 39. Qb6+ Kc8 40. Qxa6+ Kc7 41. Qc6+ Kb8 42. Qxb5+ 1-0


[Site "https://www.chess.com"]

[Event "Titled Tuesday Blitz March 14 Early 2023"]
[White "Vokhidov, Shamsiddin"]
[Black "Agasarov, Benik"]
[WhiteFideId "14204223"]
[BlackFideId "13314823"]
[WhiteElo "2570"]
[BlackElo "2179"]
[Result "1-0"]
[Round "11"]
[TimeControl "180+2"]
[Date "2023.03.14"]
[WhiteClock "0:01:32"]
[BlackClock "0:00:19"]

1. e4 c5 2. Nf3 d6 3. d4 cxd4 4. Qxd4 Nc6 5. Bb5 Bd7 6. Qd3 a6 7. Bxc6 Bxc6 8. c4 Nf6 9. Nc3 e6 10. O-O Be7 11. b3 O-O 12. Nd4 Qc7 13. Bb2 Nd7 14. Rac1 Nc5 15. Qe3 Bf6 16. Rfd1 Bd7 17. Nde2 Rfd8 18. b4 Na4 19. Nxa4 Bxa4 20. Bxf6 gxf6 21. Qh6 Bxd1 22. Rc3 d5 23. cxd5 Qxc3 24. Nxc3 Bc2 25. Qxf6 exd5 26. Nxd5 Bxe4 27. Qg5+ Bg6 28. h4 h6 29. Qe5 h5 30. Nf6+ Kf8 31. Nxh5 Bxh5 32. Qxh5 Rd1+ 33. Qxd1 1-0


[Site "https://www.chess.com"]

[Event "Titled Tuesday Blitz March 14 Early 2023"]
[White "Ibarra Jerez, Jose Carlos"]
[Black "Papasimakopoulos, Alexandros"]
[WhiteFideId "2226332"]
[BlackFideId "4244125"]
[WhiteElo "2638"]
[BlackElo "2359"]
[Result "1-0"]
[Round "11"]
[TimeControl "180+2"]
[Date "2023.03.14"]
[WhiteClock "0:00:06"]
[BlackClock "0:00:01"]

1. e4 e6 2. d4 d5 3. Nc3 Bb4 4. e5 c5 5. Qg4 Ne7 6. dxc5 Bxc3+ 7. bxc3 O-O 8. Nf3 Nbc6 9. Bd3 Ng6 10. Qh5 Bd7 11. Ng5 h6 12. Nxf7 Rxf7 13. Bxg6 Rf8 14. O-O Be8 15. f4 Rf5 16. Qg4 h5 17. Qg3 Bxg6 18. Qxg6 Qd7 19. Be3 Ne7 20. Qg3 b6 21. cxb6 axb6 22. Bxb6 Qa4 23. Bc5 Rc8 24. Bd6 Rf7 25. Bxe7 Rxe7 26. Qg5 Rf7 27. f5 exf5 28. Rxf5 Rxf5 29. Qxf5 Re8 30. Qxh5 Rf8 31. h3 Qxc2 32. e6 Qe4 33. e7 Qxe7 34. Qxd5+ Kh8 35. Qd4 Qe2 36. a4 Qb2 37. Rd1 1-0


[Site "https://www.chess.com"]

[Event "Titled Tuesday Blitz March 14 Early 2023"]
[White "Zhigalko, Sergei"]
[Black "Gontcharov, Vladislav"]
[WhiteFideId "13502956"]
[BlackFideId "4123492"]
[WhiteElo "2626"]
[BlackElo "2470"]
[Result "1-0"]
[Round "11"]
[TimeControl "180+2"]
[Date "2023.03.14"]
[WhiteClock "0:00:04"]
[BlackClock "0:00:02"]

1. e4 e6 2. d4 d5 3. e5 c5 4. c3 Nc6 5. Nf3 Nge7 6. Na3 cxd4 7. cxd4 Nf5 8. Nc2 Nh4 9. a3 Bd7 10. Nxh4 Qxh4 11. g3 Qe4+ 12. Qe2 Qxh1 13. f3 Rc8 14. Be3 Na5 15. O-O-O Ba4 16. Qb5+ Bxb5 17. Bxb5+ Kd8 18. Rxh1 a6 19. Bd3 Nc4 20. Bf2 Be7 21. f4 g6 22. Rd1 Kd7 23. Kb1 Rc7 24. Na1 Rhc8 25. Nb3 b6 26. Bg1 a5 27. Bf2 a4 28. Na1 b5 29. Nc2 b4 30. axb4 Rb8 31. Be1 a3 32. bxa3 Ra7 33. Bxc4 dxc4 34. d5 exd5 35. Rxd5+ Ke8 36. Kb2 Rd7 37. Rxd7 Kxd7 38. Kc3 f6 39. exf6 Bxf6+ 40. Kxc4 Rc8+ 41. Kd3 Kd6 42. b5 Kc5 43. a4 Rd8+ 44. Ke4 Ra8 45. Bb4+ Kc4 46. b6 Re8+ 47. Kf3 Kb3 48. Bd6 Kxc2 49. b7 Kb3 50. a5 Bd4 51. b8=Q+ Rxb8 52. Bxb8 1-0


[Site "https://www.chess.com"]

[Event "Titled Tuesday Blitz March 14 Early 2023"]
[White "Csonka, Balazs"]
[Black "Aditya Mittal"]
[WhiteFideId "742910"]
[BlackFideId "35042025"]
[WhiteElo "2404"]
[BlackElo "2396"]
[Result "0-1"]
[Round "11"]
[TimeControl "180+2"]
[Date "2023.03.14"]
[WhiteClock "0:00:06"]
[BlackClock "0:00:06"]

1. e4 c5 2. Nf3 d6 3. Bb5+ Bd7 4. Bxd7+ Nxd7 5. O-O Ngf6 6. Qe2 e6 7. b3 Be7 8. Bb2 O-O 9. d4 cxd4 10. Nxd4 Qc7 11. c4 a6 12. Nc3 Rfe8 13. Kh1 d5 14. cxd5 exd5 15. Nxd5 Nxd5 16. exd5 Bf6 17. Qd2 Qe5 18. Rad1 Qxd5 19. Kg1 Nc5 20. Qc2 Qe5 21. Ba1 Qh5 22. Nf5 Bxa1 23. Qxc5 Be5 24. Ng3 Qg6 25. Rd7 Rac8 26. Qd5 b5 27. h4 h5 28. Qd3 Re6 29. f4 Qxd3 30. Rxd3 Bf6 31. Nxh5 Bxh4 32. g3 Be7 33. g4 Rc2 34. Ng3 Bc5+ 35. Kh1 Rh6+ 36. Nh5 g6 37. Rd8+ Kh7 38. Rd7 gxh5 39. g5 Rd6 40. Rxf7+ Kg6 41. Rc7 Rdd2 42. f5+ Kxg5 0-1


[Site "https://www.chess.com"]

[Event "Titled Tuesday Blitz March 14 Early 2023"]
[White "Starozhilov, Leonid"]
[Black "Costachi, Mihnea"]
[WhiteFideId "14106752"]
[BlackFideId "1217518"]
[WhiteElo "2402"]
[BlackElo "2456"]
[Result "0-1"]
[Round "11"]
[TimeControl "180+2"]
[Date "2023.03.14"]
[WhiteClock "0:00:20"]
[BlackClock "0:00:48"]

1. e4 e5 2. Nf3 Nc6 3. Bb5 a6 4. Bxc6 dxc6 5. h3 f6 6. d4 exd4 7. Qxd4 Qxd4 8. Nxd4 Bd7 9. Nc3 O-O-O 10. Be3 Ne7 11. O-O-O Ng6 12. Nde2 Be7 13. Rd2 f5 14. exf5 Bxf5 15. Rxd8+ Rxd8 16. Rd1 Re8 17. Ng3 Be6 18. Nh5 Bf8 19. Bd4 Nh4 20. Bxg7 Be7 21. Bf6 Bxf6 22. Nxf6 Rf8 23. Nxh7 Rxf2 24. g3 Nf3 25. Ng5 Nxg5 26. h4 Nf3 27. Ne4 Re2 28. Nc5 Bf5 29. Nd3 Rg2 30. Rh1 Nd4 31. Ne1 Rxg3 32. h5 Rg7 33. h6 Rh7 34. Rh5 Bg6 35. Rh3 Nf5 36. Nd3 Rxh6 37. Rf3 Rh2 38. Ne5 Bh7 39. b4 Rxc2+ 40. Kxc2 Nd4+ 41. Kc3 Nxf3 42. Nxf3 Kd7 43. Ng5 Bg8 44. Ne4 Bxa2 45. Nc5+ Kc8 46. Nxb7 Kxb7 0-1


[Site "https://www.chess.com"]

[Event "Titled Tuesday Blitz March 14 Early 2023"]
[White "Smirnov, Pavel"]
[Black "Weetik, Vjacheslav"]
[WhiteFideId "4123425"]
[BlackFideId "4153472"]
[WhiteElo "2519"]
[BlackElo "2469"]
[Result "1-0"]
[Round "11"]
[TimeControl "180+2"]
[Date "2023.03.14"]
[WhiteClock "0:00:16"]
[BlackClock "0:00:03"]

1. d4 d5 2. c4 e6 3. Nf3 Nf6 4. g3 dxc4 5. Bg2 c5 6. O-O Nc6 7. dxc5 Qxd1 8. Rxd1 Bxc5 9. Nbd2 c3 10. bxc3 O-O 11. Nb3 Be7 12. Nfd4 Bd7 13. Nb5 Rfc8 14. Be3 Nd5 15. c4 Nxe3 16. Rxd7 Nxg2 17. Kxg2 a6 18. Nc3 Bf6 19. Rc1 b6 20. Ne4 Ne5 21. Nxf6+ gxf6 22. Rd4 Rc7 23. f4 Ng4 24. Kf3 Nxh2+ 25. Kg2 Ng4 26. e4 Rac8 27. Kf3 Nh2+ 28. Ke2 Ng4 29. Nd2 b5 30. Kf3 h5 31. Rh1 bxc4 32. Rxh5 c3 33. Nb3 f5 34. exf5 Nf6 35. Rg5+ Kf8 36. fxe6 c2 37. Nc1 fxe6 38. Re5 Kf7 39. Rd6 Re7 40. Rxa6 Rc3+ 41. Kg2 Nd5 42. Kf2 Nb4 43. Rd6 Ra7 44. Rexe6 Nxa2 45. Rf6+ Kg7 46. Rg6+ Kf7 47. Rgf6+ Kg7 48. Rg6+ Kf7 49. Ne2 c1=Q 50. Nxc1 Nxc1 51. Kg2 Nd3 52. Rdf6+ Ke7 53. Kh3 Rd7 54. Kh4 Nf2 55. f5 Re3 56. Ra6 Ne4 57. Rg7+ 1-0


[Site "https://www.chess.com"]

[Event "Titled Tuesday Blitz March 14 Early 2023"]
[White "EREBUNI91"]
[Black "Bews, Steven"]
[BlackFideId "2400529"]
[WhiteElo "2768"]
[BlackElo "2627"]
[Result "0-1"]
[Round "11"]
[TimeControl "180+2"]
[Date "2023.03.14"]
[WhiteClock "0:00:06"]
[BlackClock "0:01:19"]

1. e4 c5 2. Nc3 d6 3. d4 cxd4 4. Qxd4 Nc6 5. Qd2 g6 6. b3 Bh6 7. f4 Nf6 8. Bb2 O-O 9. O-O-O e5 10. g3 exf4 11. Bg2 Bg4 12. Nf3 Ne5 13. Rdf1 Rc8 14. gxf4 Nh5 15. Qe2 Nxf4 16. Qf2 Nfd3+ 17. Kb1 Nxf2 18. Rxf2 Nxf3 19. Bxf3 Bxf3 20. Rxf3 Bg7 21. Nd5 Bxb2 22. Kxb2 Re8 23. h4 Rxe4 24. Nf6+ Kg7 25. Nxe4 Qe7 26. Ng5 f6 27. Nh3 Qe4 28. Rhf1 Rxc2+ 29. Ka1 Qd4+ 0-1


[Site "https://www.chess.com"]

[Event "Titled Tuesday Blitz March 14 Early 2023"]
[White "Cherniaiev, Tykhon"]
[Black "Vlassov, Nikolai"]
[WhiteFideId "14182360"]
[BlackFideId "4103360"]
[WhiteElo "2450"]
[BlackElo "2324"]
[Result "1/2-1/2"]
[Round "11"]
[TimeControl "180+2"]
[Date "2023.03.14"]
[WhiteClock "0:00:03"]
[BlackClock "0:00:07"]

1. Nf3 c5 2. c4 g6 3. Nc3 Bg7 4. g3 Nc6 5. Bg2 d6 6. O-O Nh6 7. e3 Nf5 8. b3 h5 9. h4 O-O 10. Bb2 Rb8 11. Qc2 a6 12. Rad1 b5 13. cxb5 axb5 14. Ng5 Nb4 15. Qb1 c4 16. Ba3 Qa5 17. Bxb4 Qxb4 18. bxc4 bxc4 19. Qxb4 Rxb4 20. Rb1 Bxc3 21. dxc3 Ra4 22. Rb2 Bd7 23. Rc1 Rc8 24. Rb7 Rd8 25. Rb4 Rxa2 26. Rxc4 Rc8 27. Rxc8+ Bxc8 28. Bd5 Rb2 29. Bxf7+ Kg7 30. e4 Nh6 31. Be6 Bxe6 32. Nxe6+ Kf6 33. Nf4 Ng4 34. Rf1 e6 35. Rd1 Nxf2 36. Rxd6 Nxe4 37. Rxe6+ Kf5 38. Rxg6 Nxg3 39. Rxg3 Kxf4 40. Rg5 Rc2 41. Rxh5 Rxc3 42. Rh8 Kg3 43. Kf1 Rc1+ 44. Ke2 Rh1 45. h5 Kg4 46. h6 Kg5 47. Rg8+ Kf6 48. Rf8+ Kg6 49. Rg8+ Kh7 50. Ra8 Rh2+ 51. Kf3 Rxh6 52. Kg4 Rg6+ 53. Kf5 Rg7 54. Ra2 Rf7+ 55. Ke6 Rf3 56. Rh2+ Kg7 57. Rg2+ Kf8 58. Ke5 Re3+ 59. Kf4 Re7 60. Rg5 Rf7+ 61. Ke5 Re7+ 62. Kd6 Rg7 63. Rf5+ Rf7 64. Ra5 Rf6+ 65. Ke5 Rh6 66. Ra8+ Kg7 67. Kf5 Rb6 68. Ra7+ Kf8 69. Rc7 Ra6 70. Ke5 1/2-1/2


[Site "https://www.chess.com"]

[Event "Titled Tuesday Blitz March 14 Early 2023"]
[White "Lopez Mulet, Inigo"]
[Black "Rohith Krishna S"]
[WhiteFideId "22235620"]
[BlackFideId "46617051"]
[WhiteElo "2289"]
[BlackElo "2270"]
[Result "1-0"]
[Round "11"]
[TimeControl "180+2"]
[Date "2023.03.14"]
[WhiteClock "0:02:17"]
[BlackClock "0:01:51"]

1. b3 e5 2. Bb2 d6 3. e3 g6 4. d4 exd4 5. Qxd4 f6 6. h4 h5 7. Bd3 Kf7 8. Qe4 Ne7 9. Bxf6 Kxf6 10. Qd4+ Kf7 11. Qxh8 Nd7 12. Nf3 Ne5 13. Ng5+ Ke8 14. Nh7 1-0


[Site "https://www.chess.com"]

[Event "Titled Tuesday Blitz March 14 Early 2023"]
[White "Safin, Robert"]
[Black "Tanenbaum, Zachary"]
[WhiteFideId "34189120"]
[BlackFideId "2060850"]
[WhiteElo "2245"]
[BlackElo "2175"]
[Result "0-1"]
[Round "11"]
[TimeControl "180+2"]
[Date "2023.03.14"]
[WhiteClock "0:00:09"]
[BlackClock "0:00:17"]

1. e4 e5 2. Nf3 Nc6 3. d4 exd4 4. Nxd4 Bc5 5. Nb3 Bb6 6. Qe2 Nf6 7. Be3 O-O 8. Nc3 Re8 9. f3 d5 10. O-O-O Be6 11. g4 d4 12. g5 Bxb3 13. gxf6 Qxf6 14. axb3 dxc3 15. Bh3 Nb4 16. Kb1 Bxe3 17. Qxe3 Qa6 18. Qxc3 Qa2+ 19. Kc1 Rad8 20. Bd7 Qa1+ 21. Kd2 Rxd7+ 22. Ke2 Qa6+ 23. Kf2 Qb6+ 0-1


[Site "https://www.chess.com"]

[Event "Titled Tuesday Blitz March 14 Early 2023"]
[White "littlepillow2010"]
[Black "Samant Aditya S"]
[BlackFideId "35080580"]
[WhiteElo "2438"]
[BlackElo "2362"]
[Result "0-1"]
[Round "11"]
[TimeControl "180+2"]
[Date "2023.03.14"]
[WhiteClock "0:00:49"]
[BlackClock "0:01:31"]

1. e4 c5 2. Nf3 d6 3. d4 cxd4 4. Nxd4 Nf6 5. Nc3 e5 6. Nb3 Be6 7. f3 Be7 8. Be3 Nc6 9. Nd5 O-O 10. c4 a5 11. Be2 a4 12. Nd2 Nd7 13. O-O Bg5 14. Bf2 Nc5 15. Nb1 Bxd5 16. Qxd5 Nd4 17. Bxd4 exd4 18. Qxd4 Bf6 19. Qd2 Qb6 20. Kh1 Qxb2 21. Qxb2 Bxb2 22. Nd2 Bxa1 23. Rxa1 f5 24. exf5 Rxf5 25. Ne4 Nxe4 26. fxe4 Rf2 27. Bg4 Kf7 28. Kg1 Rb2 29. Rf1+ Ke7 30. Rf2 Rxf2 31. Kxf2 Ra6 32. Bd1 a3 33. Ke3 Rb6 34. Bb3 Rxb3+ 0-1


[Site "https://www.chess.com"]

[Event "Titled Tuesday Blitz March 14 Early 2023"]
[White "Martic, Ivan"]
[Black "Salinas Herrera, Pablo"]
[WhiteFideId "929301"]
[BlackFideId "3407128"]
[WhiteElo "2360"]
[BlackElo "2550"]
[Result "1-0"]
[Round "11"]
[TimeControl "180+2"]
[Date "2023.03.14"]
[WhiteClock "0:00:12"]
[BlackClock "0:00:22"]

1. d4 d5 2. c4 e6 3. Nc3 Nf6 4. Bg5 Bd6 5. e3 c6 6. Nf3 Nbd7 7. Bd3 Qa5 8. O-O O-O 9. Qc2 h6 10. Bh4 Re8 11. a3 dxc4 12. Bxc4 Qh5 13. Bg3 Bxg3 14. hxg3 e5 15. dxe5 Nxe5 16. Nxe5 Rxe5 17. Be2 Bg4 18. f3 Rxe3 19. fxg4 Qc5 20. Rf2 Rae8 21. Qf5 R3e5 22. Qf4 b5 23. Kf1 a5 24. Rd1 b4 25. axb4 axb4 26. Na4 Qa7 27. b3 Ne4 28. Bc4 R5e7 29. Kg1 g5 30. Qf3 Nxf2 31. Qxf2 Re1+ 32. Rxe1 Rxe1+ 33. Bf1 Qxf2+ 34. Kxf2 Rb1 35. Bc4 Kg7 36. Nc5 Rb2+ 37. Kf3 Rc2 38. Nd3 Rc3 39. Kf2 Rc2+ 40. Kf3 Rc3 41. Ke4 c5 42. Kd5 Rc2 43. Kxc5 Rxg2 44. Kxb4 Rxg3 45. Ne5 f6 46. Nc6 Rxg4 47. Kc5 h5 48. b4 h4 49. b5 Rxc4+ 50. Kxc4 h3 51. Nd4 h2 52. Nf5+ Kg6 53. Ng3 f5 54. b6 f4 55. Nh1 g4 56. b7 g3 57. b8=Q g2 58. Qg8+ 1-0


[Site "https://www.chess.com"]

[Event "Titled Tuesday Blitz March 14 Early 2023"]
[White "Pakleza, Zbigniew"]
[Black "Tan, Zhongyi"]
[WhiteFideId "1119290"]
[BlackFideId "8603642"]
[WhiteElo "2410"]
[BlackElo "2519"]
[Result "1-0"]
[Round "11"]
[TimeControl "180+2"]
[Date "2023.03.14"]
[WhiteClock "0:00:11"]
[BlackClock "0:00:01"]

1. d4 d5 2. Bf4 Nf6 3. e3 Bg4 4. Be2 Bxe2 5. Nxe2 e6 6. Nd2 Bd6 7. c4 O-O 8. Qb3 b6 9. Rc1 Nbd7 10. Bxd6 cxd6 11. O-O dxc4 12. Nxc4 d5 13. Na3 Ne4 14. Rc2 Rc8 15. Rfc1 Rxc2 16. Qxc2 Ndf6 17. f3 Nd6 18. Qc7 h6 19. Kf2 b5 20. Qxd8 Rxd8 21. Rc6 b4 22. Nc2 a5 23. Nc1 Nfe8 24. Ke2 Kf8 25. Ra6 Rc8 26. Kd1 Nc4 27. b3 Na3 28. Nxa3 bxa3 29. Rxa5 Nd6 30. Kd2 Nf5 31. Nd3 Nh4 32. Ne1 e5 33. dxe5 Re8 34. f4 f6 35. g3 1-0


[Site "https://www.chess.com"]

[Event "Titled Tuesday Blitz March 14 Early 2023"]
[White "Matinian, Nikita"]
[Black "Postny, Evgeny"]
[WhiteFideId "24129100"]
[BlackFideId "2804344"]
[WhiteElo "2422"]
[BlackElo "2509"]
[Result "1-0"]
[Round "11"]
[TimeControl "180+2"]
[Date "2023.03.14"]
[WhiteClock "0:00:07"]
[BlackClock "0:00:04"]

1. e4 c5 2. Nf3 e6 3. d4 cxd4 4. Nxd4 Nc6 5. Nc3 Qc7 6. Be3 Nf6 7. f4 Bb4 8. Nb5 Qa5 9. Qd3 a6 10. e5 Nd5 11. Nd6+ Bxd6 12. exd6 Ncb4 13. Qd2 Nxe3 14. Bd3 Nxd3+ 15. cxd3 Nf5 16. Ne4 Qxd2+ 17. Kxd2 b6 18. g4 Nd4 19. Rac1 Bb7 20. Rc4 Nb5 21. Rhc1 O-O 22. a4 Bxe4 23. axb5 Bd5 24. Rc7 axb5 25. Rxd7 Rfd8 26. Rcc7 Rxd7 27. Rxd7 Kf8 28. Kc3 h6 29. b3 g5 30. fxg5 hxg5 31. Kb4 Kg7 32. Kxb5 Bxb3 33. Kxb6 Ba4 34. Rb7 Rd8 35. Kc5 Rc8+ 36. Kb4 Bc6 37. Rc7 Rxc7 38. dxc7 Bb7 39. Kc5 Kf6 40. Kd6 e5 41. Kd7 Ba6 42. h3 Bb7 43. c8=Q Bxc8+ 44. Kxc8 Ke6 45. Kd8 Kd5 46. Ke7 Kd4 47. Kf6 Kxd3 48. Kxe5 Ke3 49. Kf6 Kf4 50. Kxf7 Kg3 51. Kg6 Kh4 52. Kh6 1-0


[Site "https://www.chess.com"]

[Event "Titled Tuesday Blitz March 14 Early 2023"]
[White "Rakhmatullaev, Almas"]
[Black "Al-Tarboush, Ward"]
[WhiteFideId "14205793"]
[BlackFideId "7601450"]
[WhiteElo "2221"]
[BlackElo "2257"]
[Result "1-0"]
[Round "11"]
[TimeControl "180+2"]
[Date "2023.03.14"]
[WhiteClock "0:00:21"]
[BlackClock "0:00:04"]

1. e4 e6 2. d4 d5 3. Nc3 Nf6 4. e5 Nfd7 5. Nce2 c5 6. c3 Nc6 7. f4 Be7 8. Nf3 f6 9. g3 cxd4 10. cxd4 fxe5 11. fxe5 O-O 12. Nf4 Qa5+ 13. Bd2 Bb4 14. Bg2 Nb6 15. b3 Bd7 16. a3 Bxd2+ 17. Qxd2 Qxd2+ 18. Kxd2 h6 19. h4 Ne7 20. Bh3 Nf5 21. Bxf5 Rxf5 22. Ke3 Raf8 23. Raf1 a5 24. Ng6 Re8 25. g4 Rf7 26. g5 a4 27. gxh6 gxh6 28. Rhg1 Rg7 29. Nf4 Bb5 30. Rxg7+ Kxg7 31. Rg1+ Kh8 32. Rg6 axb3 33. Rxh6+ Kg8 34. Rg6+ Kf7 35. Ng5+ Kf8 36. Nh7+ Kf7 37. Ng5+ Kf8 38. Nfxe6+ Rxe6 39. Nxe6+ Ke7 40. Nf4 b2 41. Rg1 Nc4+ 42. Kf2 Nxa3 43. Nxd5+ Kf7 44. Nc3 Bd3 45. d5 b1=Q 46. Nxb1 Nxb1 47. Ke3 Bh7 48. Rc1 Na3 49. Rc7+ Kg6 50. d6 Nb5 51. Rxh7 Kxh7 52. d7 Kg6 53. d8=Q Nc3 54. Qf6+ Kh5 55. Qg5# 1-0


[Site "https://www.chess.com"]

[Event "Titled Tuesday Blitz March 14 Early 2023"]
[White "Demin, Vladimir"]
[Black "Atakhan, Abtin"]
[WhiteFideId "4167457"]
[BlackFideId "22502203"]
[WhiteElo "2625"]
[BlackElo "2008"]
[Result "1-0"]
[Round "11"]
[TimeControl "180+2"]
[Date "2023.03.14"]
[WhiteClock "0:00:09"]
[BlackClock "0:00:01"]

1. e4 c5 2. Nf3 d6 3. d4 cxd4 4. Qxd4 Nf6 5. Nc3 g6 6. e5 dxe5 7. Qxd8+ Kxd8 8. Nxe5 Be6 9. Be3 Nbd7 10. O-O-O Kc8 11. Nf3 Nb8 12. Ng5 Bh6 13. Nxe6 Bxe3+ 14. fxe3 fxe6 15. Bc4 e5 16. Be6+ Kc7 17. g4 h6 18. h4 Nc6 19. g5 hxg5 20. hxg5 Rxh1 21. Rxh1 Nh5 22. Bf7 Ng3 23. Rh3 Rf8 24. Bxg6 Rg8 25. Rxg3 Rxg6 26. Ne4 Kd7 27. Kd2 b6 28. Rh3 Nd8 29. Rh6 Rg8 30. Rh7 Rg6 31. Kd3 Ne6 32. Rh6 Rg8 33. Rh1 Rg6 34. Rg1 Nd8 35. Ke2 Ke6 36. Kf3 Kf5 37. a4 Nf7 38. c4 Ke6 39. Kg4 Rg8 40. b4 Nh6+ 41. Kf3 Nf5 42. Rg4 Rc8 43. c5 bxc5 44. Nxc5+ Kf7 45. Ke4 Kg6 46. Kxe5 Nxe3 47. Re4 Nc2 48. Ke6 Nxb4 49. Rxb4 Rxc5 50. Rb5 Rc4 51. a5 Rc7 52. Rd5 Rb7 53. Re5 Rc7 54. Rb5 Rc6+ 55. Kxe7 Rc7+ 56. Kd6 Rc1 57. Rc5 Ra1 58. Kc6 1-0


[Site "https://www.chess.com"]

[Event "Titled Tuesday Blitz March 14 Early 2023"]
[White "Skatchkov, Pavel"]
[Black "Dehtiarov, Roman"]
[WhiteFideId "4121848"]
[BlackFideId "14186640"]
[WhiteElo "2476"]
[BlackElo "2162"]
[Result "1-0"]
[Round "11"]
[TimeControl "180+2"]
[Date "2023.03.14"]
[WhiteClock "0:00:26"]
[BlackClock "0:00:01"]

1. d4 Nf6 2. c4 e6 3. Nf3 b6 4. g3 Ba6 5. b3 Bb4+ 6. Bd2 Be7 7. Bg2 c6 8. Bc3 O-O 9. O-O d5 10. Ne5 Nfd7 11. Nd3 dxc4 12. Nb4 cxb3 13. Nxa6 Nxa6 14. Bxc6 b2 15. Bxb2 Rb8 16. Nc3 Nf6 17. Bf3 Nb4 18. e4 Rc8 19. Ne2 h6 20. a3 Nc6 21. d5 exd5 22. exd5 Na5 23. Rc1 Nc4 24. Ba1 Bxa3 25. Rxc4 Rxc4 26. Qb3 Rc5 27. Qxa3 Nxd5 28. Rd1 Qe8 29. Nd4 Ra5 30. Qd6 Qe7 31. Qc6 Rc5 32. Qa4 Nc3 33. Bxc3 Rxc3 34. Nf5 Qf6 35. Be4 Qe5 36. Rd5 Qe8 37. Qd4 Rc1+ 38. Kg2 f6 39. Rd7 Qe5 40. Rxg7+ Kh8 41. Rh7+ Kg8 42. Nxh6# 1-0


[Site "https://www.chess.com"]

[Event "Titled Tuesday Blitz March 14 Early 2023"]
[White "Aradhya, Garg"]
[Black "Sokac, Marko"]
[WhiteFideId "25006746"]
[BlackFideId "14531356"]
[WhiteElo "2263"]
[BlackElo "2355"]
[Result "1-0"]
[Round "11"]
[TimeControl "180+2"]
[Date "2023.03.14"]
[WhiteClock "0:01:29"]
[BlackClock "0:00:02"]

1. d4 Nf6 2. c4 e5 3. dxe5 Ng4 4. Nf3 Bc5 5. e3 Nc6 6. Nc3 O-O 7. Be2 Re8 8. O-O Ncxe5 9. Nd2 Qh4 10. h3 Nf6 11. Nf3 Nxf3+ 12. Bxf3 a5 13. b3 Ra6 14. Nb5 Rc6 15. Bb2 Ne4 16. Qd5 Rg6 17. Bxe4 Rxe4 18. Nc3 Ree6 19. Ne2 c6 20. Qxc5 Qxh3 21. Ng3 Qh4 22. Qh5 1-0


[Site "https://www.chess.com"]

[Event "Titled Tuesday Blitz March 14 Early 2023"]
[White "Krysa, Leandro"]
[Black "Tarasova, Viktoriya"]
[WhiteFideId "116807"]
[BlackFideId "4175840"]
[WhiteElo "2485"]
[BlackElo "2182"]
[Result "1-0"]
[Round "11"]
[TimeControl "180+2"]
[Date "2023.03.14"]
[WhiteClock "0:01:28"]
[BlackClock "0:00:49"]

1. e4 e5 2. Nf3 Nc6 3. d4 exd4 4. Nxd4 Nf6 5. Nxc6 bxc6 6. e5 Qe7 7. Qe2 Nd5 8. Nd2 Qe6 9. g3 a5 10. Bg2 Ba6 11. c4 Nb6 12. b3 Bb4 13. O-O O-O 14. Bb2 d5 15. Nf3 c5 16. a3 dxc4 17. axb4 c3 18. b5 cxb2 19. Qxb2 Bb7 20. Ng5 Qc8 21. Bxb7 Qxb7 22. Qc2 g6 23. Ne4 Qd5 24. Nf6+ 1-0


[Site "https://www.chess.com"]